 Crawl Stoat Soup version 0.23-ish-327-95-g181beea39d (console) character file.

882 hilarita the Charmwright (level 8, -1/63 HPs)
             Began as a Gnoll Skald on Apr 14, 2024.
             Killed by divine providence
             ... invoked by an orc priest
              (10 damage)
             ... on level 5 of the Dungeon.
             The game lasted 00:14:54 (4869 turns).

hilarita the Charmwright (Gnoll Skald)              Turns: 4869, Time: 00:14:55

Health: -1/63      AC:  9    Str: 17    XL:     8   Next: 5%
Magic:  7/13 (16)  EV: 14    Int: 15    God:
Gold:   253        SH:  0    Dex: 14    Spells: 7/18 levels left

rFire    . . .     SeeInvis .   a - +1 hand axe (vamp)
rCold    . . .     Gourm    .   (no shield)
rNeg     . . .     Faith    .   b - +0 leather armour
rPois    .         Spirit   .   l - +2 helmet
rElec    .         Warding  .   (no cloak)
rCorr    .         Reflect  .   t - +2 pair of gloves
MR       .....     Harm     .   (no boots)
Stlth    ++........             h - amulet of regeneration
HPRegen  0.60/turn              (no ring)
MPRegen  0.15/turn              (no ring)

@: slowed, infusing, unshrouded, very slow, 3 MP reserved for charms, 0.03 MP
regen used to sustain charms
A: distributed training, fangs 1, strong nose
a: End Permanent Enchantments


You were on level 5 of the Dungeon.
You were hungry.

You visited 1 branch of the dungeon, and saw 5 of its levels.

You collected 253 gold pieces.

Inventory:

Hand Weapons
 a - a +1 vampiric hand axe (weapon)
 j - a +0 short sword of speed
 u - the +5 flail "Death Rattle" {distort, *Drain +Rage Str+6, unknown}
   (You found it on level 5 of the Dungeon)

   It warps and distorts space around it.
   Unwielding it can cause banishment or high damage.
   It affects your strength (+6).
   It lets you go berserk.
   It causes draining when unequipped.
 w - a +1 flail of crushing
Missiles
 o - 27 sling bullets
 z - 22 arrows
Armour
 b - a +0 leather armour (worn)
 l - a +2 helmet (worn)
 t - a +2 pair of gloves (worn)
 x - a +0 dwarven roundshield
 y - a +0 tower shield
Jewellery
 h - an amulet of regeneration (around neck)
Wands
 s - 2 wands of flame (29 charges)
 A - a wand of acid (12 charges)
Scrolls
 g - a scroll of enchant weapon
 k - 2 scrolls of enchant armour
 m - 2 scrolls of fear
 p - 2 scrolls of amnesia
 v - 2 scrolls of teleportation
 B - a scroll of magic mapping
Potions
 c - 2 potions of flight {unknown}
 e - 3 potions of haste
 f - a potion of magic
 i - 2 potions of agility
 q - 2 potions of curing
 C - a potion of might {unknown}
Comestibles
 d - 5 bread rations
 n - a fruit
 r - a meat ration


   Skills:
 + Level 5.4 Fighting
 + Level 2.8 Short Blades
 + Level 2.8 Long Blades
 + Level 5.4 Axes
 + Level 2.8 Maces & Flails
 + Level 2.8 Polearms
 + Level 2.8 Staves
 + Level 2.8 Slings
 + Level 2.8 Bows
 + Level 2.8 Crossbows
 + Level 2.8 Throwing
 + Level 3.9 Armour
 + Level 5.4 Dodging
 + Level 2.8 Stealth
 + Level 2.8 Shields
 + Level 2.8 Unarmed Combat
 + Level 5.8 Spellcasting
 + Level 2.3 Conjurations
 + Level 2.3 Hexes
 + Level 6.0 Charms
 + Level 2.3 Summonings
 + Level 2.3 Necromancy
 + Level 2.3 Translocations
 + Level 2.3 Transmutations
 + Level 2.3 Fire Magic
 + Level 2.3 Ice Magic
 + Level 2.3 Air Magic
 + Level 2.3 Earth Magic
 + Level 2.3 Poison Magic
 + Level 3.1 Invocations
 + Level 2.8 Evocations


You had 7 spell levels left.
You knew the following spells:

 Your Spells              Type           Power        Failure   Level  Hunger
a - Infusion              Chrm           22/25        1%          1    None
b - Shroud of Golubria    Chrm/Tloc      16/50        4%          2    #......
c - Regeneration          Chrm/Necr      16/200       32%         4    ####...
d - Song of Slaying       Chrm           22/100       2%          2    #......
e - Sticks to Snakes      Tmut           11/100       11%         2    #......

Your spell library contained the following spells:

 Spells                   Type           Power        Failure   Level  Hunger
 Beastly Appendage        Tmut           11/50        7%          1    None
 Spectral Weapon          Hex/Chrm       16/100       10%         3    ###....
 Spider Form              Tmut/Pois      11/200       21%         3    ###....
 Ice Form                 Ice/Tmut       11/100       56%         4    ####...
 Blade Hands              Tmut           11/200       88%         5    ######.


Dungeon Overview and Level Annotations

Branches:
Dungeon (5/15)
 Temple: D:4-7

Altars:
Ashenzari
Elyvilon
Sif Muna
Yredelemnul
Beogh

Annotations:
D:5 1 runed door


Innate Abilities, Weirdness & Mutations

Your experience applies equally to all skills.
You have very sharp teeth.
Your uncanny sense of smell can sniff out nearby items.


Message History

The orc priest mumbles some strange prayers to Beogh against you.
Beogh smites you!
* * * LOW HITPOINT WARNING * * *
The orc wizard hits you but does no damage.
The orc wizard barely misses you. The orc wizard casts a spell at you.
The magic dart hits you!
* * * LOW HITPOINT WARNING * * *
The orc priest barely misses you.
Things that are here:
a war axe; a falchion; an orc corpse You barely miss the orc priest.
You barely miss the orc wizard.
The orc wizard mumbles some strange words.
The orc wizard blinks!
The orc priest misses you.
You hit the orc priest!
The orc priest is heavily wounded.
You hit the white imp.
The orc priest mumbles some strange prayers to Beogh against you.
Beogh smites you!
You die...

### #.. #.# #.# #.# ###
#.# .%.# #o# #._.# #@#
##.. ####...#######5#
##...
#..#####..>....########
#...
#.....................#
#..#
###...#+#...####........#
#..## #.....#p#....#
#######..# #...#
#.#...###....##### #..##
##.... #.#..............#
##..###.....
#.###..##........#
#..##...### #.#
#.###.##.##### ##.....##
#.# #.###.##.## ##...##


You could see an orc priest and a white imp.

Vanquished Creatures
  A centaur (D:5)
  A phantom (D:4)
  Blork the orc (D:4)
  3 electric eels (D:4)
  2 orc priests
  5 orc wizards
  Terence (D:2)
  Natasha (thrice) (D:2)
  2 worker ants
  6 adders
  2 white imps (D:5)
  3 oozes
  3 worms
  3 dart slugs
  6 leopard geckos
  12 orcs
  A ball python (D:4)
  3 giant cockroaches
  5 goblins
  14 hobgoblins
  3 jackals (D:1)
  A weasel (D:2)
  4 bats
  9 frilled lizards
  A goblin skeleton (D:5)
  11 kobolds
  A kobold skeleton (D:5)
  11 rats
118 creatures vanquished.

Notes
Turn   | Place    | Note
-------+----------+-------------------------------------------
     0 | D:1      | hilarita the Gnoll Skald began the quest for the Orb.
     0 | D:1      | Reached XP level 1. HP: 20/20 MP: 6/6
   221 | D:1      | Reached XP level 2. HP: 26/26 MP: 4/7
   313 | D:1      | Learned a level 2 spell: Shroud of Golubria
   728 | D:1      | Reached XP level 3. HP: 31/31 MP: 6/9
   755 | D:1      | Reached skill level 5 in Spellcasting
  1307 | D:2      | Reached skill level 1 in Invocations
  1361 | D:2      | Reached skill level 1 in Short Blades
  1361 | D:2      | Reached skill level 1 in Long Blades
  1361 | D:2      | Reached skill level 1 in Maces & Flails
  1361 | D:2      | Reached skill level 1 in Polearms
  1361 | D:2      | Reached skill level 1 in Staves
  1361 | D:2      | Reached skill level 1 in Slings
  1361 | D:2      | Reached skill level 1 in Bows
  1361 | D:2      | Reached skill level 1 in Crossbows
  1361 | D:2      | Reached skill level 1 in Throwing
  1361 | D:2      | Reached skill level 1 in Stealth
  1361 | D:2      | Reached skill level 1 in Shields
  1361 | D:2      | Reached skill level 1 in Unarmed Combat
  1361 | D:2      | Reached skill level 1 in Evocations
  1361 | D:2      | Reached XP level 4. HP: 38/38 MP: 6/11
  1494 | D:2      | Noticed Terence
  1509 | D:2      | Killed Terence
  1509 | D:2      | Reached skill level 1 in Conjurations
  1509 | D:2      | Reached skill level 1 in Hexes
  1509 | D:2      | Reached skill level 1 in Summonings
  1509 | D:2      | Reached skill level 1 in Necromancy
  1509 | D:2      | Reached skill level 1 in Translocations
  1509 | D:2      | Reached skill level 1 in Transmutations
  1509 | D:2      | Reached skill level 1 in Fire Magic
  1509 | D:2      | Reached skill level 1 in Ice Magic
  1509 | D:2      | Reached skill level 1 in Air Magic
  1509 | D:2      | Reached skill level 1 in Earth Magic
  1509 | D:2      | Reached skill level 1 in Poison Magic
  1518 | D:2      | Learned a level 4 spell: Regeneration
  1521 | D:2      | Learned a level 2 spell: Song of Slaying
  1587 | D:2      | Noticed Natasha
  1594 | D:2      | Killed Natasha
  1594 | D:2      | Reached XP level 5. HP: 43/43 MP: 5/12
  1649 | D:2      | Noticed Natasha
  1661 | D:2      | Killed Natasha
  1692 | D:2      | Noticed Natasha
  1700 | D:2      | Killed Natasha
  2158 | D:3      | Found a white marble altar of Elyvilon.
  2216 | D:3      | Learned a level 2 spell: Sticks to Snakes
  2287 | D:3      | Reached XP level 6. HP: 50/50 MP: 5/13
  2689 | D:3      | Found a shattered altar of Ashenzari.
  2741 | D:3      | Found a deep blue altar of Sif Muna.
  3076 | D:3      | Reached skill level 5 in Fighting
  3076 | D:3      | Reached skill level 5 in Axes
  3076 | D:3      | Reached skill level 5 in Dodging
  3280 | D:4      | Found a transporter.
  3311 | D:4      | Noticed Blork the orc
  3321 | D:4      | Killed Blork the orc
  3354 | D:4      | Found a transporter.
  3573 | D:4      | Reached XP level 7. HP: 56/56 MP: 10/15
  3882 | D:4      | Found a roughly hewn altar of Beogh.
  4262 | D:5      | Entered Level 5 of the Dungeon
  4469 | D:5      | Got an iridescent flail
  4478 | D:5      | Reached XP level 8. HP: 46/63 MP: 9/16
  4582 | D:5      | Found a runed door.
  4591 | D:5      | Found a basalt altar of Yredelemnul.
  4824 | D:5      | Reached skill level 6 in Charms
  4869 | D:5      | Killed from afar by an orc priest

Vault maps used:
D:1:      onia_arrival_handbag
D:2:      first_bread, uniq_terence, uniq_natasha
D:3:      led_sif_book, elyvilon_altar_3, lemuel_doored_altar,
          minmay_misc_feat_iff, minmay_misc_feat_four_crosses
D:4:      gammafunk_steamed_eel, kennysheep_orc_chapel, uniq_blork_the_orc
D:5:      grunt_gozag_statues, minivault_11, nicolae_sextant,
          dk_yredelemnul_ordeal

Skill      XL: |  1  2  3  4  5  6  7  8 |
---------------+-------------------------+-----
Spellcasting   | 5 |  5.8
Invocations    | 1 2 3 |  3.1
Short Blades   | 1 2 |  2.8
Long Blades    | 1 2 |  2.8
Maces & Flails | 1 2 |  2.8
Polearms       | 1 2 |  2.8
Staves         | 1 2 |  2.8
Slings         | 1 2 |  2.8
Bows           | 1 2 |  2.8
Crossbows      | 1 2 |  2.8
Throwing       | 1 2 |  2.8
Stealth        | 1 2 |  2.8
Shields        | 1 2 |  2.8
Unarmed Combat | 1 2 |  2.8
Evocations     | 1 2 |  2.8
Conjurations   | 1 2 |  2.3
Hexes          | 1 2 |  2.3
Summonings     | 1 2 |  2.3
Necromancy     | 1 2 |  2.3
Translocations | 1 2 |  2.3
Transmutations | 1 2 |  2.3
Fire Magic     | 1 2 |  2.3
Ice Magic      | 1 2 |  2.3
Air Magic      | 1 2 |  2.3
Earth Magic    | 1 2 |  2.3
Poison Magic   | 1 2 |  2.3
Armour         | 3 |  3.9
Fighting       | 5 |  5.4
Axes           | 5 |  5.4
Dodging        | 5 |  5.4
Charms         | 6 |  6.0

Action                   |  1- 3 |  4- 6 |  7- 9 || total
-------------------------+-------+-------+-------++-------
Melee: Hand axe          |    87 |   143 |    97 ||   327
       Bite              |     3 |     9 |     9 ||    21
       Punch             |       |       |     2 ||     2
 Cast: * Infusion        |    29 |    43 |    16 ||    88
       * Shroud of Golub |       |     9 |    10 ||    19
Evoke: Wand              |       |     7 |     7 ||    14
  Use: Scroll            |     6 |     8 |     1 ||    15
 Stab: Sleeping          |       |     5 |     1 ||     6
       Distracted        |       |       |     1 ||     1
  Eat: Chunk             |     1 |     8 |     2 ||    11
       Fruit             |       |       |     1 ||     1
Armor: Leather armour    |    21 |    37 |    25 ||    83
Dodge: Dodged            |    57 |    83 |    59 ||   199
* Casting counts for permanent charms are approximate representations of how often the player would have had to cast a non-permanent spell for the same benefits.

Table legend:
 A = Spawn XP
 B = Non-spawn XP
 C = Spawn XP percentage of total XP
 D = Spawn monster count
 E = Non-spawn monster count
 F = Spawn count percentage of total count
 G = Total turns spent on level
                    A         B        C        D         E        F      G
               +---------+---------+-------+---------+---------+-------+---------
         Total |      79 |    1181 |   6.3 |      14 |     104 |  11.9 |  4869
               +---------+---------+-------+---------+---------+-------+---------
           D:1 |       7 |      43 |  14.0 |       4 |      27 |  12.9 |  1214
           D:2 |      23 |     197 |  10.5 |       5 |      16 |  23.8 |   829
           D:3 |       2 |     199 |   1.0 |       2 |      31 |   6.1 |  1091
           D:4 |      37 |     523 |   6.6 |       2 |      16 |  11.1 |  1128
           D:5 |      10 |     219 |   4.4 |       1 |      14 |   6.7 |   607
               +---------+---------+-------+---------+---------+-------+---------
